 Dungeon Crawl Stone Soup version 0.26.0-10-g1f06aea511 (webtiles) character file.

Game seed: 9926485894848912795

98 Dracia the Grasshopper (level 4, 0/38 HPs)
             Began as a Gnoll Warper on Jan 15, 2021.
             Succumbed to kobold's curare-tipped dart
             ... on level 3 of the Dungeon.
             The game lasted 00:02:12 (2302 turns).

Dracia the Grasshopper (Gnoll Warper)               Turns: 2302, Time: 00:02:13

Health: 0/38       AC:  3    Str: 15    XL:     4   Next: 71%
Magic:  11/11      EV: 14    Int: 15    God:
Gold:   163        SH:  0    Dex: 14    Spells: 5/13 levels left

rFire    + . .     SeeInvis .   a - +0 falchion
rCold    x . .     Faith    .   (no shield)
rNeg     . . .     Spirit   .   b - +0 leather armour
rPois    .         Reflect  .   (no helmet)
rElec    .         Harm     .   (no cloak)
rCorr    .         Rampage  .   (no gloves)
Will     .....                  (no boots)
Stlth    +.........             (no amulet)
HPRegen  0.12/turn              F - ring of fire
MPRegen  0.12/turn              (no ring)

@: mighty, lethally poisoned (0 -> -8), berserk cooldown, attractive, flying,
slowed, very slow
A: distributed training, fangs 1, strong nose
a: no special abilities


You were on level 3 of the Dungeon.
You visited 1 branch of the dungeon, and saw 3 of its levels.

You collected 163 gold pieces.


Innate Abilities, Weirdness & Mutations

Your experience applies equally to all skills.
You have very sharp teeth.
Your uncanny sense of smell can sniff out nearby items.


   Skills:
 + Level 4.7 Fighting
 + Level 1.2 Short Blades
 + Level 4.7 Long Blades
 + Level 1.2 Axes
 + Level 1.2 Maces & Flails
 + Level 1.2 Polearms
 + Level 1.2 Staves
 + Level 1.2 Slings
 + Level 1.2 Bows
 + Level 1.2 Crossbows
 + Level 2.8 Throwing
 + Level 2.8 Armour
 + Level 4.7 Dodging
 + Level 1.2 Stealth
 + Level 1.2 Shields
 + Level 1.2 Unarmed Combat
 + Level 5.1 Spellcasting
 + Level 1.0 Conjurations
 + Level 1.0 Hexes
 + Level 1.0 Summonings
 + Level 1.0 Necromancy
 + Level 5.5 Translocations
 + Level 1.0 Transmutations
 + Level 1.0 Fire Magic
 + Level 1.0 Ice Magic
 + Level 1.0 Air Magic
 + Level 1.0 Earth Magic
 + Level 1.0 Poison Magic
 + Level 1.3 Invocations
 + Level 1.2 Evocations


You had 5 spell levels left.
You knew the following spells:

 Your Spells              Type           Power        Failure   Level
g - Gell's Gravitas       Tloc           10%          6%          3
l - Lesser Beckoning      Tloc           10%          6%          3
I - Blink                 Tloc           N/A          3%          2

Your spell library contained the following spells:

 Spells                   Type           Power        Failure   Level
 Teleport Other           Tloc           20%          6%          3
 Passage of Golubria      Tloc           N/A          21%         4

Inventory:

Hand Weapons
 a - a +0 falchion (weapon)
Missiles
 e - 5 boomerangs of dispersal (quivered) {=f=f}
Armour
 b - a +0 leather armour (worn)
Magical Staves
 m - an uncursed staff of earth {!a!a, unknown}
Jewellery
 F - a ring of fire (left hand)
Scrolls
 d - 3 scrolls of blinking
 g - a scroll of amnesia {unknown}
 i - 2 scrolls of magic mapping {unknown}
 k - a scroll of identify {unknown}
 l - a scroll of enchant armour {unknown}

Dungeon Overview and Level Annotations

Branches:
Dungeon (3/15)

Altars:
The Shining One

#.#....<#
#.......#####.#
#.............#
#.###....#######
# #..........#
#..........#
#.......((.#
#..........##
#........@..#
#.##+####...# #.
#(..# # #(..#
#...# #)..#
#####


There were no monsters in sight!


Message History

You feel sick. The kobold barely misses you.
You riposte.
You barely miss the kobold. You bite the kobold.
You kill the kobold!
It was a potion of berserk rage.
A red film seems to cover your vision as you go berserk!
You feel yourself moving faster!
You feel mighty!
* * * LOW HITPOINT WARNING * * *
You feel sick.
You feel a strong urge to attack something.
* * * LOW HITPOINT WARNING * * *
You feel sick.
Things that are here:
a +0 club; 3 curare-tipped darts {=f=f}; a kobold corpse
There is a lethal amount of poison in your body!
Unknown command.
There is a lethal amount of poison in your body!
* * * LOW HITPOINT WARNING * * *
You feel sick.
You feel your anger nearly subside.
You are no longer berserk.
You are exhausted.
You feel as though you will be slow longer.
* * * LOW HITPOINT WARNING * * *
You feel sick.
You see here a curare-tipped dart {=f=f}.
* * * LOW HITPOINT WARNING * * *
You feel sick.
You see here a curare-tipped dart {=f=f}.
* * * LOW HITPOINT WARNING * * *
You feel sick.
You die...

Skill      XL: |  1  2  3  4 |
---------------+-------------+-----
Spellcasting   | 5 |  5.1
Short Blades   | 1 |  1.2
Axes           | 1 |  1.2
Maces & Flails | 1 |  1.2
Polearms       | 1 |  1.2
Staves         | 1 |  1.2
Slings         | 1 |  1.2
Bows           | 1 |  1.2
Crossbows      | 1 |  1.2
Stealth        | 1 |  1.2
Shields        | 1 |  1.2
Unarmed Combat | 1 |  1.2
Invocations    | 1 |  1.3
Evocations     | 1 |  1.2
Conjurations   | 1 |  1.0
Hexes          | 1 |  1.0
Summonings     | 1 |  1.0
Necromancy     | 1 |  1.0
Transmutations | 1 |  1.0
Fire Magic     | 1 |  1.0
Ice Magic      | 1 |  1.0
Air Magic      | 1 |  1.0
Earth Magic    | 1 |  1.0
Poison Magic   | 1 |  1.0
Fighting       | |  4.7
Long Blades    | |  4.7
Throwing       | |  2.8
Armour         | |  2.8
Dodging        | |  4.7
Translocations | |  5.5

Action                   |  1- 3 |  4- 6 || total
-------------------------+-------+-------++-------
Melee: Falchion          |    95 |    39 ||   134
       Bite              |     7 |     7 ||    14
       Punch             |     1 |       ||     1
  Use: Potion            |       |     5 ||     5
Armor: Leather armour    |    15 |     8 ||    23
Dodge: Dodged            |    70 |    28 ||    98
       Rpst.: Falchion   |    19 |     9 ||    28

Levels and vault maps discovered:
D:1:      amcnicky_arrival_gap_in_the_tavern_cellar, layout_loops_corners,
          minmay_indecisive_spiral
D:2:      layout_basic, chequers_serial_rivers_small_b, tso_altar, uniq_terence
D:3:      layout_basic, marbit_many_paths,
          grunt_temple_overflow_order_and_chaos_2,
          nicolae_overflow_crystal_walls, old_standard_altar

Notes
Turn   | Place    | Note
-------+----------+-------------------------------------------
     0 | D:1      | Dracia the Gnoll Warper began the quest for the Orb.
     0 | D:1      | Reached XP level 1. HP: 20/20 MP: 6/6
   151 | D:1      | Reached XP level 2. HP: 22/26 MP: 7/7
   779 | D:1      | Reached XP level 3. HP: 22/31 MP: 9/9
  1111 | D:1      | Learned a level 2 spell: Blink
  1115 | D:1      | Learned a level 3 spell: Gell's Gravitas
  1119 | D:1      | Learned a level 3 spell: Lesser Beckoning
  1146 | D:2      | Reached skill level 5 in Spellcasting
  1488 | D:2      | Reached skill level 1 in Short Blades
  1488 | D:2      | Reached skill level 1 in Axes
  1488 | D:2      | Reached skill level 1 in Maces & Flails
  1488 | D:2      | Reached skill level 1 in Polearms
  1488 | D:2      | Reached skill level 1 in Staves
  1488 | D:2      | Reached skill level 1 in Slings
  1488 | D:2      | Reached skill level 1 in Bows
  1488 | D:2      | Reached skill level 1 in Crossbows
  1488 | D:2      | Reached skill level 1 in Stealth
  1488 | D:2      | Reached skill level 1 in Shields
  1488 | D:2      | Reached skill level 1 in Unarmed Combat
  1488 | D:2      | Reached skill level 1 in Invocations
  1488 | D:2      | Reached skill level 1 in Evocations
  1488 | D:2      | Reached XP level 4. HP: 16/38 MP: 11/11
  1711 | D:2      | Noticed Terence
  1737 | D:2      | Killed Terence
  1738 | D:2      | Reached skill level 1 in Conjurations
  1738 | D:2      | Reached skill level 1 in Hexes
  1738 | D:2      | Reached skill level 1 in Summonings
  1738 | D:2      | Reached skill level 1 in Necromancy
  1738 | D:2      | Reached skill level 1 in Transmutations
  1738 | D:2      | Reached skill level 1 in Fire Magic
  1738 | D:2      | Reached skill level 1 in Ice Magic
  1738 | D:2      | Reached skill level 1 in Air Magic
  1738 | D:2      | Reached skill level 1 in Earth Magic
  1738 | D:2      | Reached skill level 1 in Poison Magic
  2175 | D:2      | Found a glowing golden altar of the Shining One.
  2300 | D:3      | HP: 3/38 [poisoned by kobold (curare-tipped dart)]
  2301 | D:3      | HP: 1/38 [poisoned by kobold (curare-tipped dart)]
  2302 | D:3      | Succumbed to kobold's curare-tipped dart

Vanquished Creatures
  A hound (D:2)
  Terence (D:2)
  2 worms (D:2)
  A dart slug (D:1)
  3 leopard geckos
  A ball python (D:1)
  A giant cockroach (D:1)
  3 goblins (D:1)
  3 hobgoblins
  2 jackals (D:2)
  3 bats
  2 frilled lizards (D:2)
  7 kobolds
  6 rats
36 creatures vanquished.

Table legend: (Time is in decaauts)
 A = Elapsed time spent in this place.
 B = Non-inter-level travel time spent in this place.
 C = Inter-level travel time spent in this place.
 D = Time resting spent in this place.
 E = Time spent auto-exploring this place.
 F = Levels seen in this place.
 G = Mean time per level.
                   A        B        C        D        E       F      G
               +--------+--------+--------+--------+--------+-----+--------+
         Total |   2314 |   2293 |     21 |    657 |   1351 |   3 |  771.3 |
       Dungeon |   2314 |   2293 |     21 |    657 |   1351 |   3 |  771.3 |
               +--------+--------+--------+--------+--------+-----+--------+

Top non-repeatable levels by time:
     D:2: 1162 daAuts
     D:1: 1124 daAuts
     D:3: 28 daAuts

Table legend:
 A = Non-vault XP
 B = Vault XP
 C = Vault XP percentage of total XP
 D = Non-vault monster count
 E = Vault monster count
 F = Vault count percentage of total count
                 A         B        C        D         E       F
            +---------+---------+-------+---------+---------+-------
      Total |     100 |      41 |  29.1 |      31 |       5 |  13.9
            +---------+---------+-------+---------+---------+-------
        D:1 |      30 |       5 |  14.3 |      16 |       4 |  20.0
        D:2 |      68 |      36 |  34.6 |      14 |       1 |   6.7
        D:3 |       2 |       0 |   0.0 |       1 |       0 |   0.0
            +---------+---------+-------+---------+---------+-------
